 Dungeon Sprint DCSS version 0.30.1-4-g462c640d31 (webtiles) character file.

Game seed: 16744193211614823667

107 Heoruswealwe the Covert (level 4, -3/21 HPs)
             Began as a Spriggan Artificer on Sept 1, 2023.
             Slain by Sigmund
             ... wielding a +2 heavy scythe
              (24 damage)
             ... in the Dungeon (Sprint I: "Red Sonja").
             The game lasted 00:01:47 (61 turns).

Heoruswealwe the Covert (Spriggan Artificer)          Turns: 61, Time: 00:01:47

Health: -3/21      AC:  2    Str:  8    XL:     4   Next: 57%
Magic:  5/5        EV: 18    Int: 12    God:
Gold:   108        SH:  0    Dex: 17    Spells: 3/3 levels left

rFire   . . .        a - +0 dagger
rCold   . . .        (no shield)
rNeg    . . .        c - +0 robe
rPois   .            (helmet restricted)
rElec   .            (no cloak)
rCorr   .            (gloves unavailable)
SInv    +            (boots unavailable)
Will    .....        (no amulet)
Stlth   ++           (no ring)
HPRegen 0.23/turn    (no ring)
MPRegen 0.09/turn

%: no teleportation
@: confused, very quick
A: very small, no large weapons, unfitting armour, see invisible, speed 3
a: no special abilities


You were in the Dungeon.
You visited 1 branch You collected 108 gold pieces.

Inventory:

Hand Weapons
 a - a +0 dagger (weapon)
Armour
 c - a +0 robe (worn)
Wands
 b - a wand of flame (14) (quivered)
 d - a wand of charming (15)
 e - a wand of iceblast (2)
 l - a wand of digging (7)
Scrolls
 k - a scroll of blinking
Potions
 f - a potion of curing
 g - a potion of heal wounds
 h - a potion of haste


   Skills:
 - Level 0.7 Fighting
 - Level 3.2 Dodging
 + Level 14.0 Stealth
 - Level 4.0 Evocations


You had 3 spell levels left.
You didn't know any spells.
Your spell library was empty.

Dungeon Overview and Level Annotations

Branches:
Dungeon (1/1)

Altars:

Annotations:
D Sigmund


Innate Abilities, Weirdness & Mutations

You are very small and have problems with some larger weapons.
You are too small for most types of armour.
You have supernaturally acute eyesight. (SInv)
You cover ground extremely quickly. (Speed+++)


Message History

The ogre misses you.
There is an open door here.
The puff of flame hits the ogre!
You kill the ogre!
Your Stealth skill gained 5 levels and is now at level 14!
You have reached level 3!
Your experience leads to an increase in your attributes!
Increase (S)trength, (I)ntelligence, or (D)exterity?
You feel agile. x2
You have reached level 4!
There is an open door here.
You see here a +0 giant spiked club.
You open the door.
Found 27 gold pieces.
Found 27 gold pieces.
There is an open door here.
You now have 81 gold pieces (gained 27).
You now have 108 gold pieces (gained 27).
There is an open door here.
You open the door.
Sigmund the Dreaded comes into view.
He is wielding a +2 heavy scythe.
Sigmund shouts!
There is an open door here.
You see here a +0 giant spiked club.
Aiming: Iceblast
Press: ? - help, Shift-Dir - straight line, f - Sigmund
Aim: Sigmund, wielding a +2 heavy scythe and wearing a +0 robe The mass of ice explodes!
The iceblast engulfs Sigmund!
Sigmund is heavily wounded.
Sigmund casts a spell at you.
You are confused.
Sigmund misses you.
There is an open door here.
You see here a +0 giant spiked club.
You bump into the rock wall.
You bump into the rock wall.
You bump into the rock wall.
Sigmund hits you from afar with a +2 heavy scythe!!
Ouch! That really hurt!
You die...

#############
#<.#..@..#..+
#..)@.#..'..#
#..#####'####
#..# #..#
#..# ####
#..# #⌠⌠#
##.# #..#
####


You could see Sigmund.

Vanquished Creatures
  An ogre (D)
  Ijyb (D)
2 creatures vanquished.

Notes
Turn   | Place    | Note
-------+----------+-------------------------------------------
     0 | D        | Heoruswealwe the Spriggan Artificer began the quest for the
                  | Orb.
     0 | D        | Reached XP level 1. HP: 9/9 MP: 2/2
     1 | D        | Noticed Ijyb
     4 | D        | Killed Ijyb
     5 | D        | Reached skill level 9 in Stealth
     5 | D        | Reached XP level 2. HP: 14/14 MP: 3/3
    33 | D        | Noticed an ogre
    40 | D        | Killed an ogre
    41 | D        | Reached skill level 14 in Stealth
    41 | D        | Reached XP level 3. HP: 17/17 MP: 4/4
    41 | D        | Reached XP level 4. HP: 21/21 MP: 5/5
    51 | D        | Noticed Sigmund
    61 | D        | Slain by Sigmund

Illustrated notes

Levels and vault maps discovered:
D:        dungeon_sprint_1 [red_sonja_temple_1, red_sonja_temple_small_1]

Skill      XL: |  1  2 |
---------------+-------+-----
Stealth        | 9 14 | 14.0
Fighting       | |  0.7
Dodging        | |  3.2
Evocations     | |  4.0

Action                     |  1- 3 |  4- 6 || total
---------------------------+-------+-------++-------
  Melee: Dagger            |     1 |       ||     1
  Evoke: Wand              |     4 |     1 ||     5
   Stab: Sleeping          |     1 |       ||     1
  Dodge: Dodged            |     1 |     1 ||     2
